 Dungeon Crawl Stone Soup version 0.27-a0-1184-ge86db4a01e (webtiles) character file.

Game seed: 7150700485991988778

142 ZappyNine the Skirmisher (level 5, -2/54 HPs)
             Began as an Ogre Transmuter on May 18, 2021.
             Was an Initiate of Dithmenos.
             Slain by Grinder (4 damage)
             ... while paralysed by Grinder
             ... on level 3 of the Dungeon.
             The game lasted 00:02:54 (3337 turns).

ZappyNine the Skirmisher (Ogre Transmuter)          Turns: 3337, Time: 00:02:54

Health: -2/54      AC:  3    Str: 14    XL:     5   Next: 24%
Magic:  9/10       EV:  1    Int: 14    God:    Dithmenos [......]
Gold:   63         SH:  0    Dex: 10    Spells: 6/10 levels left

rFire    . . .     SeeInvis .   g - +6 club
rCold    . . .     Faith    .   (no shield)
rNeg     . . .     Spirit   .   a - +0 robe
rPois    .         Reflect  .   (helmet currently unavailable)
rElec    .         Harm     .   (no cloak)
rCorr    .         Rampage  .   (gloves unavailable)
Will     .....                  (boots unavailable)
Stlth    +.........             (no amulet)
HPRegen  0.18/turn              (no ring)
MPRegen  0.12/turn              (no ring)

@: paralysed, appendages (expiring)
A: horns 2, talons 2, large, unfitting armour, tough skin 1
a: End Transformation, Renounce Religion


You were on level 3 of the Dungeon.
You worshipped Dithmenos.
Dithmenos was noncommittal.
You had temporarily grown beastly horns and talons.
You visited 1 branch of the dungeon, and saw 3 of its levels.

You collected 63 gold pieces.

Inventory:

Hand Weapons
 g - a +6 club (weapon)
Armour
 a - a +0 robe (worn)
Wands
 d - a wand of flame (16)
Scrolls
 b - a scroll of fear {unknown}
 c - 2 scrolls of amnesia {unknown}
 f - a scroll of teleportation {unknown}
Potions
 e - 2 potions of curing


   Skills:
 - Level 3.7 Fighting
 - Level 1.7 Dodging
 - Level 3.6 Unarmed Combat
 + Level 3.3 Spellcasting
 - Level 1.7 Transmutations
 + Level 1.6 Poison Magic


You had 6 spell levels left.
You knew the following spells:

 Your Spells              Type           Power      Damage    Failure   Level
a - Beastly Appendage     Tmut           14%        N/A       10%         1
b - Spider Form           Tmut/Pois      3%         N/A       30%         3

Your spell library contained the following spells:

 Spells                   Type           Power      Damage    Failure   Level
 Wereblood                Tmut           7%         N/A       16%         2
 Ice Form                 Ice/Tmut       4%         N/A       82%         4
 Hydra Form               Tmut           3%         N/A       95%         5


Dungeon Overview and Level Annotations

Branches:
Dungeon (3/15)

Altars:
Dithmenos
Kikubaaqudgha

Shops:
D:3 [

Annotations:
D:3 Grinder


Innate Abilities, Weirdness & Mutations

You have temporarily grown beastly horns and talons.
You are too large for most types of armour.
You have tough skin. (AC +1)


Message History

You hit Grinder.
Grinder is moderately wounded.
Grinder hits you but does no damage.
You hit Grinder.
Grinder is moderately wounded.
Grinder gestures at you. Pain shoots through your body! Grinder hits you.
You are too injured to fight recklessly!
You are too injured to fight recklessly!
You are too injured to fight recklessly!
You are too injured to fight recklessly!
You are too injured to fight recklessly!
Unknown command.
It was a potion of curing.
You feel better. Grinder barely misses you.
Unknown command.
Casting: Beastly Appendage (safe; 10% risk of failure)
Confirm with . or Enter, or press ? or * to list all spells.
You grow a pair of large bovine horns.
Your feet morph into talons.
Grinder hits you.
Unknown command.
You completely miss Grinder. You headbutt Grinder!
Grinder is heavily wounded.
Grinder hits you.
You writhe in agony.
Unknown command.
You hit Grinder but do no damage. Your headbutt misses Grinder.
Grinder is heavily wounded.
Grinder gestures at you.
You suddenly lose the ability to move!
Grinder barely misses you.
Your transformation is almost over.
Grinder hits you.
You writhe in agony.
* * * LOW HITPOINT WARNING * * *
Grinder hits you!
* * * LOW HITPOINT WARNING * * *
You writhe in agony.
* * * LOW HITPOINT WARNING * * *
Grinder hits you.
* * * LOW HITPOINT WARNING * * *
You writhe in agony.
You die...

## #≈≈≈## ≈≈≈≈#
.∩≈≈# ≈≈≈## ###
≈≈.. ..#
#.###.# #.#
#..5@.# #.#
#####.# #.# #.#
#.# #.#
#######.### #.#
#.........# #.#
#.#####.#.. #.#
#.# #.### #.#
#.### #.#
#.#####...###.#


You could see Grinder.

Vanquished Creatures
  Ijyb (D:3)
  2 adders (D:2)
  4 gnolls (D:3)
  3 worms (D:2)
  4 dart slugs
  An orc (D:3)
  A ball python (D:1)
  7 endoplasms
  2 giant cockroaches
  6 goblins
  2 hobgoblins (D:1)
  2 bats (D:1)
  4 frilled lizards
  4 kobolds
  3 rats (D:1)
46 creatures vanquished.

Notes
Turn   | Place    | Note
-------+----------+-------------------------------------------
     0 | D:1      | ZappyNine the Ogre Transmuter began the quest for the Orb.
     0 | D:1      | Reached XP level 1. HP: 19/19 MP: 3/3
   376 | D:1      | Reached XP level 2. HP: 28/28 MP: 5/5
   956 | D:1      | Reached XP level 3. HP: 12/36 MP: 3/6
  1387 | D:1      | Found a shadowy altar of Dithmenos.
  1484 | D:1      | Became a worshipper of Dithmenos the Shadowed
  1890 | D:2      | Reached XP level 4. HP: 36/48 MP: 4/7
  1919 | D:2      | Learned a level 3 spell: Spider Form
  2243 | D:3      | Found an ancient bone altar of Kikubaaqudgha.
  2641 | D:3      | Reached skill level 1 in Poison Magic
  2753 | D:3      | Found a faded altar of an unknown god.
  2815 | D:3      | Noticed Ijyb
  2825 | D:3      | Killed Ijyb
  2826 | D:3      | Reached XP level 5. HP: 54/54 MP: 9/9
  3321 | D:3      | Found Tasuv's Armour Boutique.
  3323 | D:3      | Noticed Grinder
  3333 | D:3      | Paralysed by Grinder for 7 turns
  3337 | D:3      | HP: 2/54 [Grinder (1)]
  3337 | D:3      | Slain by Grinder

Illustrated notes

Levels and vault maps discovered:
D:1:      dpeg_arrival_rhombus, layout_loops_ring, serial_bayou_pond_a,
          chequers_serial_rivers_micro_c, kennysheep_flooded_box
D:2:      layout_basic, serial_shops, shop_fountains
D:3:      layout_loops_ring, lemuel_tele_altar, ebering_ecumenical_altar_box,
          serial_shops, nicolae_shop_waterfront, uniq_grinder, uniq_ijyb

Skill      XL: |  1  2  3  4 |
---------------+-------------+-----
Fighting       | 2 3 |  3.7
Unarmed Combat | 3 |  3.6
Poison Magic   | 1 |  1.6
Spellcasting   | 3 |  3.3
Dodging        | |  1.7
Transmutations | |  1.7

Action                   |  1- 3 |  4- 6 || total
-------------------------+-------+-------++-------
Melee: Unarmed           |   116 |    32 ||   148
       Headbutt          |     8 |     6 ||    14
       Kick              |     4 |    13 ||    17
       Punch             |     2 |       ||     2
       Club              |       |    12 ||    12
 Cast: Beastly Appendage |    11 |    11 ||    22
  Use: Potion            |     1 |     2 ||     3
 Stab: Sleeping          |     2 |     1 ||     3
Armor: Robe              |    21 |     6 ||    27
       Skin              |       |     3 ||     3
Dodge: Dodged            |    40 |    13 ||    53

Table legend: (Time is in decaauts)
 A = Elapsed time spent in this place.
 B = Non-inter-level travel time spent in this place.
 C = Inter-level travel time spent in this place.
 D = Time resting spent in this place.
 E = Time spent auto-exploring this place.
 F = Levels seen in this place.
 G = Mean time per level.
                   A        B        C        D        E       F      G
               +--------+--------+--------+--------+--------+-----+--------+
         Total |   3313 |   3192 |    121 |    647 |   2182 |   3 | 1104.3 |
       Dungeon |   3313 |   3192 |    121 |    647 |   2182 |   3 | 1104.3 |
               +--------+--------+--------+--------+--------+-----+--------+

Top non-repeatable levels by time:
     D:1: 1512 daAuts
     D:3: 935 daAuts
     D:2: 865 daAuts
